Description

Generic ZvP opening utilizing mid game ling bane hydra that can easily transition into lurker broodlord. The timings are a bit off but the build order itself is basically get things as you can afford them, it's meant to be a flexible build so if you follow it perfectly you are going to end up floating a lot.

Build Order

Get SALT Encoding   

  13  0:13  Overlord  
  17  0:53  Hatchery  
  18  1:10  Extractor  
  17  1:15  Spawning Pool  
  19  1:40  Overlord  
  20  2:05  Zergling x4, Queen x2  
  26  2:15  Metabolic Boost  2 Drones off gas
  30  2:45  Hatchery  
  33  2:55  Overlord  
  36  3:15  Overlord  
  32  3:10  Queen  
  34  3:20  Queen  
  48  3:30  Spore Crawler  If needed for oracles
  52  4:00  Action  Drones back on gas
  56  4:15  Lair, Extractor x2  
  64  4:40  Queen  
  68  5:00  Evolution Chamber x2  +1 Melee and +1 Range// No Carapace
  72  5:10  Baneling Nest  
  74  5:15  Extractor, Queen  
  75  5:25  Action  +1 Range
  75  5:27  Hydralisk Den  
  75  5:40  Extractor  
  80  5:50  Hatchery  +6th gas
  80  6:00  Muscular Augments, Centrifical Hooks  
Spawning Tool Build Advisor. Get it on Overwolf

Analysis

So the goal here is to play defensively and harass with lings to by yourself time to get your 3rd saturated. Once it's saturated the focus is delaying the protoss from saturating his 3rd until your +1 finishes. Other than a specific timing or defending a very specific timing I don't see a reason to get your evo's any sooner, you should be making lings and banes with your extra resources until hydras, the upgrades will help out hydras the most so getting upgrades before hydras are out will only do more damage to you when defending an early game timing.

Go to:

Details

  • Created by: Naberius
  • Published on: Feb 12, 2018
  • Modified on: Mar 10, 2018
  • Patch: 4.0.0
Show
View Real Time Build Order
Export as new Build Order

Comments (0)

There are no comments. Be the first!

Create an account to comment!